 Dungeon Crawl Stone Soup version 0.31.0-9-g3a7656b989 (webtiles) character file.

Game seed: 14678875767860578739

136 Amaterasu the Magician (level 5, -7/39 HPs)
             Began as a Djinni Conjurer on Jan 24, 2024.
             Mangled by Crazy Yiuf
             ... wielding a +4 quarterstaff of chaos
              (12 damage)
             ... on level 3 of the Dungeon.
             The game lasted 00:08:10 (2444 turns).

Amaterasu the Magician (Djinni Conjurer)            Turns: 2444, Time: 00:08:10

Health: -7/39      AC:  2    Str:  6    XL:     5   Next: 43%
Gold:   130        EV: 11    Int: 22    God:
                   SH:  5    Dex: 11

rFire   + + .        f - +0 short sword
rCold   x . .        c - +1 buckler
rNeg    . . .        a - +0 robe
rPois   ∞            (no helmet)
rElec   .            (no cloak)
rCorr   .            (no gloves)
SInv    .            (boots unavailable)
Will    .....        (no amulet)
Stlth   ++           (no ring)
HPRegen 0.26/turn    (no ring)
MPRegen 0.00/turn

%: infuse magic (-8 HP)
@: flying
A: sickness immunity, fire resistance 2, cold vulnerability 1, float, innate
caster, HP casting, extra vitality 1
a: no special abilities


You were on level 3 of the Dungeon.
You visited 1 branch of the dungeon, and saw 4 of its levels.

You collected 130 gold pieces.

Inventory:

Hand Weapons
 f - a +0 short sword (weapon)
Armour
 a - a +0 robe (worn)
 c - a +1 buckler (worn)
 i - an orb of mayhem
Wands
 l - a wand of flame (14)
 n - a wand of iceblast (9)
Scrolls
 b - 2 scrolls of teleportation
 d - a scroll of revelation
 e - a scroll of brand weapon
 k - a scroll of fog
 m - a scroll of amnesia {unknown}
Potions
 g - a potion of lignification
 h - a potion of heal wounds {unknown}
 j - a potion of curing {unknown}


   Skills:
 * Level 2.6 Fighting
 - Level 2.1 Dodging
 - Level 1.5 Stealth
 * Level 2.0 Shields
 * Level 4.2 Spellcasting
 * Level 4.2 Conjurations
 * Level 4.2 Hexes
 * Level 4.2 Summonings
 * Level 4.2 Necromancy
 * Level 4.2 Translocations
 * Level 4.2 Fire Magic
 * Level 4.2 Ice Magic
 * Level 4.2 Air Magic
 * Level 4.2 Earth Magic
 * Level 4.2 Alchemy


You knew the following spells:

 Your Spells              Type           Power      Damage    Failure   Level
a - Magic Dart            Conj           92%        1d7       3%          1
b - Searing Ray           Conj           46%        2d6       4%          2
c - Fulminant Prism       Conj/Alch      11%        3d9       30%         4
d - Iskenderun's Mystic   Conj/Tloc      23%        2d6       30%         4
e - Sandblast             Erth           46%        2d11      3%          1
f - Scorch                Fire           46%        2d6       4%          2
Your spell library was empty.

Dungeon Overview and Level Annotations

Branches:
Dungeon (4/15)
 Temple: D:4-7

Altars:
Okawaru
Wu Jian

Annotations:
D:3 exclusion: statue, Crazy Yiuf


Innate Abilities, Weirdness & Mutations

You are immune to sickness and miasma.
You are immune to poison.
Your flesh is very heat resistant. (rF++)
You are vulnerable to cold. (rC-)
You float through the air rather than walking.
You learn spells naturally, not from books.
Your magical power is your life essence.
You have superior vitality. (+4 MHP)


Message History

Flames lash Ijyb.
Ijyb is burned terribly!
Ijyb is almost dead.
Ijyb hits you with a +0 club.
Casting: Scorch (safe; 4% risk of failure)
Confirm with . or Enter, or press ? or * to list all spells.
Flames lash Ijyb.
Ijyb is burned terribly!
You kill Ijyb!
Your Shields skill increases to level 2!
The teleport trap disappears.
The bat disappears!
l - a wand of flame (14)
Things that are here:
a +0 club; a +0 ring mail; the goblin corpse of Ijyb
m - a scroll labelled CELUEM TASTOLUKKI You see here a +0 hand axe.
Could not explore, unopened runed door.
You reach down and open the door.
Casting: Scorch (safe; 4% risk of failure)
Confirm with . or Enter, or press ? or * to list all spells.
Okay, then.
Unknown command.
Casting: Scorch (safe; 4% risk of failure)
Confirm with . or Enter, or press ? or * to list all spells.
Aiming: Searing Ray (safe; 4% risk of failure)
Press: ? - help, Shift-Dir - straight line, f - Crazy Yiuf
Aim: Crazy Yiuf, wielding a +4 quarterstaff of chaos and wearing a +0 cloak (81% to hit)
The searing ray hits Crazy Yiuf!
Crazy Yiuf is heavily wounded. (Press . to maintain the ray.) Crazy Yiuf hits you with a +4 quarterstaff of chaos!
Crazy Yiuf freezes you.
The searing ray hits Crazy Yiuf!
Crazy Yiuf is severely wounded.
Crazy Yiuf hits you with a +4 quarterstaff of chaos!
* * * LOW HITPOINT WARNING * * *
Crazy Yiuf freezes you.
* * * LOW HITPOINT WARNING * * *
The searing ray misses Crazy Yiuf.
* * * LOW HITPOINT WARNING * * *
Crazy Yiuf hits you with a +4 quarterstaff of chaos!
You die...

#..............#.#
##############.#.#
#.#.# ###.# #.# #.##
### ####..# #)..###
##.#...####
#...g@####.#....<..#
#...##..#......###.#
###
###.#..#..###.###
#######.....)..
#####.###
#######.###
#..........
#.######.## #.# #.#


You could see Crazy Yiuf.

Vanquished Creatures
  Ijyb (D:3)
  Robin (D:2)
  4 adders
  A ribbon worm (D:3)
  A dart slug (D:1)
  2 orcs (D:3)
  3 endoplasms
  A giant cockroach (D:1)
  13 goblins
  5 hobgoblins
  4 jackals
  2 quokkas
  7 ball pythons
  4 bats
  A frilled lizard (D:2)
  5 kobolds
  3 rats
58 creatures vanquished.

Notes
Turn   | Place    | Note
-------+----------+-------------------------------------------
     0 | D:1      | Amaterasu the Djinni Conjurer began the quest for the Orb.
     0 | D:1      | Amaterasu set off with the following spells memorised:
                  | Magic Dart, Searing Ray, Fulminant Prism, Iskenderun's
                  | Mystic Blast.
     0 | D:1      | Reached XP level 1. HP: 15/15 MP: 0/0
   107 | D:1      | Reached XP level 2. HP: 21/22 MP: 0/0
   152 | D:1      | Reached skill level 1 in Fighting
   411 | D:1      | Found a faded altar of an unknown god.
   641 | D:2      | You are sucked into a shaft and drop 2 floors!
   682 | D:4      | Reached XP level 3. HP: 24/27 MP: 0/0
   682 | D:4      | Learned a level 1 spell: Sandblast
   857 | D:4      | Found an ornate altar of the Wu Jian Council.
  1033 | D:3      | Reached skill level 1 in Shields
  1033 | D:3      | Reached XP level 4. HP: 30/33 MP: 0/0
  1046 | D:3      | Noticed a frost-covered statue
  1486 | D:2      | Identified the +2 helmet "Rocieg" {rN++ Int-5}
  1486 | D:2      | Noticed Robin
  1501 | D:2      | Killed Robin
  1819 | D:3      | Reached XP level 5. HP: 36/39 MP: 0/0
  1819 | D:3      | Learned a level 2 spell: Scorch
  1948 | D:3      | Found an iron altar of Okawaru.
  2125 | D:3      | Found a runed translucent door.
  2126 | D:3      | Noticed Crazy Yiuf
  2296 | D:3      | Noticed Ijyb
  2304 | D:3      | Killed Ijyb
  2444 | D:3      | Mangled by Crazy Yiuf

Illustrated notes

Levels and vault maps discovered:
D:1:      lightli_arrival_statue_moat, layout_rooms,
          shapermc_ecumenical_altar_venn, minmay_misc_feat_columns
D:2:      layout_basic, uniq_robin
D:3:      layout_basic, vehumet_statue, lemuel_tele_altar, uniq_ijyb,
          uniq_crazy_yiuf_cottage
D:4:      minmay_octagon_keep, layout_basic, nzn_wu_jian_contemplation

Skill      XL: |  1  2  3  4  5 |
---------------+----------------+-----
Fighting       | 1 2 |  2.6
Shields        | 1 2 |  2.0
Spellcasting   | 4 |  4.2
Conjurations   | 4 |  4.2
Hexes          | 4 |  4.2
Summonings     | 4 |  4.2
Necromancy     | 4 |  4.2
Translocations | 4 |  4.2
Fire Magic     | 4 |  4.2
Ice Magic      | 4 |  4.2
Air Magic      | 4 |  4.2
Earth Magic    | 4 |  4.2
Alchemy        | 4 |  4.2
Dodging        | |  2.1
Stealth        | |  1.5

Action                     |  1- 3 |  4- 6 || total
---------------------------+-------+-------++-------
   Cast: Magic Dart        |    44 |    44 ||    88
         Searing Ray       |     1 |     4 ||     5
         Sandblast         |     2 |     9 ||    11
         Scorch            |       |     5 ||     5
    Use: Scroll            |     3 |     4 ||     7
 Armour: Robe              |     2 |    17 ||    19
  Dodge: Dodged            |       |    10 ||    10
  Block: Buckler           |     1 |     1 ||     2
